AoeStats
← Her0

Fortress

508194050Analyzed
2v2 RM · 12d ago on Sep 21, 2026· 93m 0s· 4 players
Game mode
Random Map
Map size
Normal (6 player)
Population
200
Speed
Normal
Resources
Standard
Victory
Conquest
Starting age
Dark Age
Ending age
Imperial Age
RankedLock teamsTeams togetherTeam positionsShared explorationLock speedFull tech treeHidden civsTurbo modeCheats
Victory
Defeat
🇨🇳 Slavs · China
1206
+12
🇦🇷 Chinese · Argentina
1063
+18
🇪🇸 Italians · Spain
1195
-18
🇪🇸 Slavs · Spain
1047
-12
Riven
7:48 Feudal Age
11:44 Castle Age
9:39 Double-Bit Axe
9:55 Horse Collar
13:47 Bow Saw
15:37 Loom
18:40 Heavy Plow
19:15 Gold Mining
21:03 Wheelbarrow
20:16 Town Watch
20:58 Fletching
22:11 Bodkin Arrow
23:18 Hand Cart
25:03 Ballistics
24:52 Thumb Ring
27:20 Imperial Age
25:29 Padded Archer Armor
25:48 Town Patrol
25:46 Stone Mining
27:24 Leather Archer Armor
28:13 Bracer
29:32 Chemistry
29:55 Ring Archer Armor
30:11 Elite Genoese Crossbowman
33:03 Scale Barding Armor
33:09 Forging
34:22 Masonry
35:14 Bloodlines
34:25 Light Cavalry
35:05 Husbandry
48:14 Chain Barding Armor
48:30 Iron Casting
48:55 Hussar
51:46 Plate Barding Armor
52:12 Blast Furnace
57:32 Caravan
Her0
8:22 Feudal Age
12:58 Castle Age
10:48 Double-Bit Axe
11:03 Loom
13:49 Bow Saw
16:08 Wheelbarrow
16:05 Scale Barding Armor
17:17 Chain Barding Armor
18:05 Gold Mining
19:13 Husbandry
19:21 Detinets
19:35 Forging
21:42 Hand Cart
23:51 Fletching
24:23 Town Watch
25:17 Squires
28:50 Imperial Age
26:57 Bloodlines
26:08 Light Cavalry
27:15 Pikeman
28:47 Iron Casting
30:03 Conscription
30:25 Plate Barding Armor
30:55 Blast Furnace
29:46 Horse Collar
30:34 Heavy Plow
30:28 Stone Mining
31:23 Gold Shaft Mining
31:38 Elite Boyar
33:20 Hoardings
33:31 Bodkin Arrow
33:51 Padded Archer Armor
34:16 Elite Skirmisher
35:27 Leather Archer Armor
36:22 Two-Man Saw
35:43 Fortified Wall
35:46 Masonry
35:13 Hussar
39:13 Ballistics
39:54 Chemistry
39:28 Ring Archer Armor
43:09 Murder Holes
58:57 Crop Rotation
62:46 Scale Mail Armor
63:57 Crossbowman
83:08 Halberdier
90:18 Druzhina
??
0:43 Loom
7:43 Feudal Age
9:59 Double-Bit Axe
13:37 Castle Age
11:33 Stone Mining
12:01 Horse Collar
16:14 Fletching
16:56 Bow Saw
16:44 Town Watch
17:35 Wheelbarrow
20:16 Padded Archer Armor
21:45 Stone Shaft Mining
21:03 Gold Mining
21:54 Forging
23:18 Ballistics
23:37 Leather Archer Armor
23:45 Bodkin Arrow
25:08 Heavy Plow
28:39 Imperial Age
26:45 Masonry
28:41 Elite Chu Ko Nu
29:25 Bracer
30:57 Chemistry
30:55 Town Patrol
31:25 Rocketry
33:27 Conscription
47:33 Gold Shaft Mining
56:12 Squires
55:57 Arson
56:17 Scale Mail Armor
56:52 Iron Casting
56:22 Man-at-Arms
57:22 Chain Mail Armor
57:38 Ring Archer Armor
57:03 Long Swordsman
57:39 Two-Handed Swordsman
59:38 Blast Furnace
58:15 Champion
60:17 Plate Mail Armor
61:18 Pikeman
63:09 Halberdier
伐伐伐伐伐木工
1:12 Loom
7:30 Feudal Age
8:01 Horse Collar
9:50 Double-Bit Axe
13:45 Castle Age
11:47 Gold Mining
11:58 Stone Mining
15:26 Bow Saw
17:47 Heavy Plow
18:58 Detinets
23:00 Wheelbarrow
22:12 Town Watch
24:25 Hand Cart
27:42 Imperial Age
25:27 Bloodlines
26:02 Scale Barding Armor
26:07 Forging
27:09 Gold Shaft Mining
27:03 Chain Barding Armor
27:02 Husbandry
27:54 Elite Boyar
29:24 Iron Casting
29:30 Conscription
32:16 Two-Man Saw
33:06 Hoardings
32:42 Light Cavalry
34:10 Plate Barding Armor
36:04 Blast Furnace
36:35 Masonry
39:43 Chemistry
40:16 Caravan
41:25 Crop Rotation
41:04 Hussar
46:07 Ballistics
45:52 Siege Engineers
45:57 Onager
47:12 Fletching
47:21 Murder Holes
54:33 Fortified Wall
56:47 Coinage
56:46 Scale Mail Armor
56:41 Bodkin Arrow
56:47 Padded Archer Armor
58:58 Sappers
61:26 Leather Archer Armor
65:46 Cavalier
66:40 Capped Ram
71:22 Siege Ram
73:26 Town Patrol
80:55 Banking
81:34 Squires
80:55 Pikeman
80:55 Man-at-Arms
82:39 Siege Onager
85:59 Long Swordsman
86:00 Halberdier
86:48 Druzhina
87:14 Two-Handed Swordsman
88:13 Chain Mail Armor
90:01 Champion
90:08 Heavy Scorpion
Connection lost

Rejoining the realm…

Still unreachable

The connection could not be restored.

Session expired

The server has moved on; the page needs a fresh start.